 Dungeon Crawl Stone Soup version 0.31-a0-925-g0a390f2509 (webtiles) character file.

Game seed: 4243334567445936277

257 cowhearter the Covert (level 6, -6/43 HPs)
             Began as an Octopode Delver on Oct 18, 2023.
             Mangled by a mummy (12 damage)
             ... in an ossuary.
             The game lasted 00:02:27 (1053 turns).

cowhearter the Covert (Octopode Delver)             Turns: 1053, Time: 00:02:27

Health: -6/43      AC:  1    Str: 11    XL:     6   Next: 16%
Magic:  6/6        EV: 13    Int: 12    God:
Gold:   36         SH:  0    Dex: 16    Spells: 5/5 levels left

rFire   . . .        a - +0 short sword
rCold   . . .        (no shield)
rNeg    . . .        (helmet restricted)
rPois   .            (no amulet)
rElec   .            (no ring)
rCorr   .            (no ring)
SInv    .            (no ring)
Will    .....        (no ring)
Stlth   +++++        (no ring)
HPRegen 0.27/turn    (no ring)
MPRegen 0.10/turn    (no ring)
                     (no ring)

%: no passive effects
@: no status effects
A: almost no armour, amphibious, 8 rings, camouflage 1, gelatinous body 1,
(nimble swimmer 1), tentacles
a: no special abilities


You were in an ossuary.
You visited 1 branch of the dungeon, and saw 3 of its levels.
You also visited: Ossuary.

You collected 36 gold pieces.

Inventory:

Hand Weapons
 a - a +0 short sword (weapon)
 h - a +0 antimagic hand axe
Wands
 f - a wand of digging (3)
Scrolls
 b - a scroll of fog
 c - a scroll of revelation
 d - a scroll of fear
 g - a scroll of identify {unknown}
Potions
 e - a potion of haste
 i - a potion of curing {unknown}
 j - a potion of heal wounds {unknown}
 k - a potion of berserk rage {unknown}


   Skills:
 + Level 3.7 Fighting
 * Level 3.6 Short Blades
 + Level 2.2 Dodging
 + Level 9.2 Stealth


You had 5 spell levels left.
You didn't know any spells.
Your spell library was empty.

Dungeon Overview and Level Annotations

Branches:
Dungeon (6/15)            Ossuary (1/1)
 Temple: D:4-7

Altars:


Innate Abilities, Weirdness & Mutations

You cannot wear most types of armour.
You are amphibious.
You can wear up to eight rings at the same time.
Your skin changes colour to match your surroundings (Stealth+).
Your rubbery body absorbs attacks. (AC +1, EV +1)
((You are camouflaged when in or above water. (Stealth+)))
You have tentacles for arms and can constrict up to eight enemies at once.


Message History

The centaur zombie hits you. The centaur zombie closely misses you.
A mummy comes into view.
You hit the centaur zombie.
You destroy the centaur zombie!
You have reached level 6!
The mummy closely misses you.
There is an open door here.
You hit the mummy but do no damage. Your grab misses the mummy.
You hit the mummy but do no damage. Your grab misses the mummy.
A mummy comes into view.
You hit the mummy. You grab the mummy.
The mummy is moderately damaged.
You constrict the mummy. You hit the mummy but do no damage.
The mummy is moderately damaged.
You constrict the mummy. The mummy hits you!
* * * LOW HITPOINT WARNING * * *
You hit the mummy but do no damage.
The mummy is heavily damaged.
You constrict the mummy. You hit the mummy but do no damage.
The mummy is heavily damaged.
You constrict the mummy. The mummy misses you. The mummy closely misses you.
You hit the mummy.
The mummy is severely damaged.
You constrict the mummy, but do no damage.
You hit the mummy.
The mummy is almost destroyed.
You constrict the mummy. The mummy hits you.
* * * LOW HITPOINT WARNING * * *
The mummy hits you.
* * * LOW HITPOINT WARNING * * *
You hit the mummy but do no damage.
The mummy is almost destroyed.
You constrict the mummy.
You destroy the mummy!
You hit the mummy but do no damage. You grab the mummy.
You constrict the mummy, but do no damage.
The mummy hits you!
You die...

##### #∩..#
#.∩.# #...#
##@##
~~.~~...M..'.#
~~.#+#'#+#+###
#. ##


You could see a mummy.

Vanquished Creatures
  A scorpion (D:5)
  A centaur zombie (Ossuary)
  2 hounds (D:5)
  A gnoll bouda (D:6)
  2 mummies (Ossuary)
  An adder (D:5)
  4 gnolls (D:5)
  A white imp (D:5)
  An orc (D:5)
  A ball python (D:4)
15 creatures vanquished.

Notes
Turn   | Place    | Note
-------+----------+-------------------------------------------
     0 | D:5      | cowhearter the Octopode Delver began the quest for the Orb.
     0 | D:5      | Reached XP level 1. HP: 16/16 MP: 1/1
    41 | D:5      | Noticed a hound
    48 | D:5      | Killed a hound
    49 | D:5      | Reached skill level 7 in Stealth
    49 | D:5      | Reached XP level 2. HP: 21/21 MP: 2/2
    49 | D:5      | Reached XP level 3. HP: 26/26 MP: 3/3
   223 | D:5      | Identified the +9 whip of the Exceptional God {drain,
                  | *Corrode rElec Will++ Stlth+}
   354 | D:5      | Noticed a scorpion
   357 | D:5      | Killed a scorpion
   358 | D:5      | Reached skill level 8 in Stealth
   358 | D:5      | Reached XP level 4. HP: 31/31 MP: 4/4
   403 | D:5      | Reached XP level 5. HP: 16/36 MP: 5/5
   825 | D:5      | Reached skill level 9 in Stealth
  1009 | D:6      | Found a sand-covered staircase.
  1015 | Ossuary  | Entered an ossuary
  1043 | Ossuary  | Reached XP level 6. HP: 15/43 MP: 6/6
  1053 | Ossuary  | Mangled by a mummy

Illustrated notes

Levels and vault maps discovered:
D:4:      layout_basic, yredelemnul_altar_generic, uniq_duvessa
D:5:      layout_basic
D:6:      layout_basic, lemuel_tele_altar,
          nicolae_gozag_conspicuous_consumption,
          mainiacjoe_overflow_divided_tiny,
          minmay_temple_entry_statues_fountains,
          lightli_ossuary_entry_decrepit_ruins, sigmund_edmund_badplayer,
          uniq_edmund
Ossuary:  ossuary_zaba_flooded

Skill      XL: |  1  2  3  4  5 |
---------------+----------------+-----
Stealth        | 7 8 9 |  9.2
Short Blades   | 3 |  3.6
Fighting       | |  3.7
Dodging        | |  2.2

Action                     |  1- 3 |  4- 6 || total
---------------------------+-------+-------++-------
  Melee: Short sword       |     8 |    51 ||    59
         Constrict         |     2 |     8 ||    10
         Tentacles         |     1 |    10 ||    11
   Stab: Sleeping          |     2 |     2 ||     4
 Armour: Skin              |     2 |    28 ||    30
  Dodge: Dodged            |     4 |    23 ||    27

Table legend: (Time is in decaauts)
 A = Elapsed time spent in this place.
 B = Non-inter-level travel time spent in this place.
 C = Inter-level travel time spent in this place.
 D = Time resting spent in this place.
 E = Time spent auto-exploring this place.
 F = Levels seen in this place.
 G = Mean time per level.
                   A        B        C        D        E       F      G
               +--------+--------+--------+--------+--------+-----+--------+
         Total |   1045 |   1045 |      0 |    284 |    552 |   4 |  261.2 |
       Dungeon |   1011 |   1011 |      0 |    284 |    541 |   3 |  337.0 |
       Ossuary |     33 |     33 |      0 |      0 |     11 |   1 |   33.0 |
               +--------+--------+--------+--------+--------+-----+--------+

Top non-repeatable levels by time:
     D:5: 875 daAuts
     D:6: 92 daAuts
     D:4: 43 daAuts
 Ossuary: 33 daAuts
